 Dungeon Crawl Stone Soup version 0.29.1-4-g47bece8355 (webtiles) character file.

Game seed: 8969072075938836979

195 H0rd4k the Insei (level 5, -8/36 HPs)
             Began as an Octopode Artificer on Dec 2, 2022.
             Killed from afar by Eustachio (10 damage)
             ... with a puff of flame
             ... on level 4 of the Dungeon.
             The game lasted 00:02:50 (3632 turns).

H0rd4k the Insei (Octopode Artificer)               Turns: 3632, Time: 00:02:51

Health: -8/36      AC:  1    Str: 12    XL:     5   Next: 74%
Magic:  8/8        EV: 13    Int: 15    God:
Gold:   153        SH:  0    Dex: 12    Spells: 8/8 levels left

rFire   x . .      SeeInvis .     - Unarmed
rCold   + . .      Faith    .   (no shield)
rNeg    . . .      Spirit   .   (helmet restricted)
rPois   +          Reflect  .   (no amulet)
rElec   .          Harm     .   f - ring of poison resistance
rCorr   .          Rampage  .   k - ring of ice
Will    .....                   (no ring)
Stlth   +++.......              (no ring)
HPRegen 0.12/turn               (no ring)
MPRegen 0.11/turn               (no ring)
                                (no ring)
                                (no ring)

@: no status effects
A: almost no armour, amphibious, 8 rings, camouflage 1, gelatinous body 1,
(nimble swimmer 1), tentacles
a: no special abilities


You were on level 4 of the Dungeon.
You visited 1 branch of the dungeon, and saw 5 of its levels.

You collected 153 gold pieces.

Inventory:

Armour
 h - an orb of mayhem
Jewellery
 f - a ring of poison resistance (left tentacle)
 k - a ring of ice (right tentacle)
Wands
 b - a wand of flame (15) (quivered)
 c - a wand of charming (8)
 d - a wand of iceblast (2)
Scrolls
 a - 2 scrolls of noise {unknown}
 e - 3 scrolls of identify {unknown}
 j - a scroll of amnesia {unknown}
Potions
 g - 3 potions of attraction {unknown}
 i - a potion of haste {unknown}
 l - a potion of berserk rage {unknown}
 m - a potion of heal wounds {unknown}
 n - a potion of ambrosia {unknown}
 o - a potion of flight {unknown}


   Skills:
 * Level 2.8 Fighting
 - Level 2.3 Dodging
 - Level 1.3 Stealth
 + Level 3.4 Unarmed Combat
 * Level 2.3 Spellcasting
 - Level 3.2 Evocations


You had 8 spell levels left.
You didn't know any spells.
Your spell library contained the following spells:

 Spells                   Type           Power      Damage    Failure   Level
 Ensorcelled Hibernation  Hex/Ice        4%         N/A       32%         2
 Passwall                 Tmut/Erth      0%         N/A       32%         2
 Gell's Gravitas          Tloc           1%         N/A       54%         3
 Lesser Beckoning         Tloc           1%         N/A       54%         3
 Swiftness                Air            1%         N/A       54%         3
 Teleport Other           Tloc           1%         N/A       54%         3
 Animate Dead             Necr           1%         N/A       91%         4
 Olgreb's Toxic Radiance  Pois           1%         N/A       91%         4
 Haunt                    Necr/Summ      0%         N/A       100%        7
 Ozocubu's Refrigeration  Ice            1%         4d7       100%        7
 Ignition                 Fire           0%         3d3       100%        8
 Infestation              Necr           0%         N/A       100%        8


Dungeon Overview and Level Annotations

Branches:
Dungeon (5/15)
 Temple: D:4-7

Altars:

Annotations:
D:4 Eustachio


Innate Abilities, Weirdness & Mutations

You cannot wear most types of armour.
You are amphibious.
You can wear up to eight rings at the same time.
Your skin changes colour to match your surroundings (Stealth+).
Your rubbery body absorbs attacks. (AC +1, EV +1)
((You are camouflaged when in or above water. (Stealth+)))
You have tentacles for arms and can constrict up to eight enemies at once.


Message History

The endoplasm hits your ogre. The adder closely misses your hound.
Your ogre hits the endoplasm with a +0 giant club.
The endoplasm dies!
Your hound bites the orc.
The orc dies!
The bat closely misses you.
Aiming: Charm
Press: ? - help, Shift-Dir - straight line, f - Eustachio, p - hound
Aim: Eustachio, wielding a +5 rapier of holy wrath, wearing a +0 leather armour of fire resistance and carrying a wand of flame (4) (chance to affect: 57%)
Okay, then.
Unknown command.
Unknown command.
Found a cloak.
The adder bites your hound but does no damage.
Your hound bites the crimson imp.
The adder completely misses your hound. The crimson imp barely misses you.
Your hound bites the crimson imp.
The orc closely misses your hound. The quokka closely misses you.
The adder bites your hound but does no damage.
Your hound bites the crimson imp.
The crimson imp hits you. The bat barely misses you. The crimson imp hits you.
The bat attacks as you move away! The bat hits you but does no damage.
The crimson imp attacks as you move away!
The crimson imp misses you. The quokka barely misses you. The bat misses you.
The orc hits your hound with a +0 dagger.
Eustachio hits you with a +5 rapier of holy wrath!
* * * LOW HITPOINT WARNING * * *
Your hound bites the orc.
The adder closely misses your hound. The quokka closely misses you.
The crimson imp closely misses you.
The crimson imp laughs crazily.
The bat closely misses you.
Aiming: Charm
Press: ? - help, Shift-Dir - straight line, f - crimson imp, p - hound
Aim: a crimson imp (summoned, chance to affect: 39%)
The crimson imp is charmed.
The bat hits you.
* * * LOW HITPOINT WARNING * * *
Your hound closely misses the orc.
The adder bites your hound. The bat hits you but does no damage.
The orc closely misses your hound.
Eustachio zaps a wand.
The puff of flame hits you! The fire burns you terribly!
You die...

... ##### ... . .#..#.
..##.. ......# .......##
.# .......##........ ..
................ #..
#.#......#.g!..# ...
......<@5#...).## ..
......@rb##.....#### .#.
........5.##.......##.#.
..........hSK###..>.)...
##......###o..###..J##..
#......[# ###.......#...
......... #........)..
#.####### ##########.. .


You could see Eustachio, a crimson imp (summoned), an adder (ally target), an
orc, a quokka (summoned), a bat (summoned), a friendly hound (charmed) and a
friendly crimson imp (charmed, summoned).

Vanquished Creatures
  An ogre (D:4)
  3 adders (D:3)
  3 worms
  4 dart slugs
  An orc (D:4)
  4 endoplasms
  2 giant cockroaches (D:3)
  6 goblins
  4 hobgoblins
  4 kobolds (D:1)
  4 quokkas
  7 ball pythons
  2 bats
  4 frilled lizards
  8 rats
57 creatures vanquished.

Vanquished Creatures (collateral kills)
  4 orcs
  An endoplasm (D:4)
  A frilled lizard (D:3)
6 creatures vanquished.

Vanquished Creatures (others)
  An orc wizard (D:3)
  A plant (D:3)
2 creatures vanquished.

Grand Total: 65 creatures vanquished

Notes
Turn   | Place    | Note
-------+----------+-------------------------------------------
     0 | D:1      | H0rd4k the Octopode Artificer began the quest for the Orb.
     0 | D:1      | Reached XP level 1. HP: 13/13 MP: 1/1
   288 | D:1      | Found a faded altar of an unknown god.
   496 | D:1      | Reached XP level 2. HP: 15/18 MP: 1/3
   556 | D:1      | Reached skill level 1 in Spellcasting
  1237 | D:1      | Reached XP level 3. HP: 13/24 MP: 3/5
  1472 | D:1      | Reached skill level 1 in Unarmed Combat
  3035 | D:3      | Reached XP level 4. HP: 24/29 MP: 6/6
  3581 | D:3      | You fall into a shaft and drop 2 floors!
  3581 | D:5      | Entered Level 5 of the Dungeon
  3595 | D:4      | Noticed an ogre
  3600 | D:4      | Killed an ogre
  3601 | D:4      | Reached XP level 5. HP: 35/35 MP: 8/8
  3609 | D:4      | Noticed an ogre
  3622 | D:4      | Noticed Eustachio
  3632 | D:4      | Killed from afar by Eustachio

Illustrated notes

Levels and vault maps discovered:
D:1:      tarquinn_simple_flora_water_a, layout_basic,
          shapermc_ecumenical_altar_venn, minmay_box_of_dots
D:2:      layout_basic, minivault_23, hangedman_glass_teeth
D:3:      layout_rooms, gammafunk_ghost_smash, minmay_shallow_snake_nest
D:4:      minmay_chambers_of_threes, layout_cave_pools, minmay_surrounded,
          uniq_eustachio, uniq_crazy_yiuf_cottage, uniq_ijyb
D:5:      layout_basic, kennysheep_generic_room_13

Skill      XL: |  1  2  3  4 |
---------------+-------------+-----
Spellcasting   | 1 2 |  2.3
Unarmed Combat | 1 3 |  3.4
Fighting       | 2 |  2.8
Dodging        | |  2.3
Stealth        | |  1.3
Evocations     | |  3.2

Action                   |  1- 3 |  4- 6 || total
-------------------------+-------+-------++-------
Melee: Unarmed           |   112 |    41 ||   153
       Tentacles         |    27 |     9 ||    36
       Constrict         |    29 |    10 ||    39
       Punch             |     3 |     2 ||     5
Evoke: Wand              |       |    10 ||    10
 Stab: Sleeping          |    12 |       ||    12
Armor: Skin              |     4 |     7 ||    11
Dodge: Dodged            |    55 |    61 ||   116
